 Dungeon Crawl Stone Soup version 0.30-a0-739-gea05faddec (webtiles) character file.

Game seed: 13261173388327140804

399 Drevant2 the Sneak (level 7, 0/36 (40) HPs)
             Began as a Kobold Brigand on Feb 4, 2023.
             Was an Initiate of Ashenzari.
             Slain by a wight
             ... wielding a +5 scimitar
              (12 damage)
             ... on level 4 of the Dungeon.
             The game lasted 00:09:53 (2947 turns).

Drevant2 the Sneak (Kobold Brigand)                 Turns: 2947, Time: 00:09:53

HP:   0/36 (40)     AC:  6    Str:  9    XL:     7   Next: 10%
MP:   7/7           EV: 14    Int: 12    God:    Ashenzari [......]
Gold: 79            SH:  0    Dex: 18    Spells: 6/6 levels left

rFire   . . .      SeeInvis .    a - +2 dagger
rCold   . . .      Faith    .    (no shield)
rNeg    . . .      Spirit   .    b - +0 robe
rPois   .          Reflect  .    (no helmet)
rElec   .          Harm     .    s - +2 cloak
rCorr   +          Rampage  .    o - +0 pair of gloves
Will    .....                    (no boots)
Stlth   +++++                    (no amulet)
HPRegen 0.26/turn                j - ring of resist corrosion
MPRegen 0.10/turn                (no ring)

@: heavily drained
A: small, no large weapons, nightstalker 3
a: Renounce Religion


You were on level 4 of the Dungeon.
You worshipped Ashenzari.
Ashenzari was noncommittal.
You visited 1 branch of the dungeon, and saw 4 of its levels.

You collected 79 gold pieces.

Inventory:

Hand Weapons
 a - a +2 dagger (weapon)
Missiles
 d - 8 poisoned darts (quivered)
 e - 3 curare-tipped darts
Armour
 b - a +0 robe (worn)
 c - a +0 cloak
 o - a +0 pair of gloves (worn)
 s - a +2 cloak (worn)
Jewellery
 i - an amulet of faith
 j - a ring of resist corrosion (left hand)
 k - a ring of fire
Scrolls
 h - a scroll of vulnerability {unknown}
 l - a scroll of identify {unknown}
 p - a scroll of enchant weapon {unknown}
 v - a scroll of noise {unknown}
Potions
 m - a potion of invisibility {unknown}
 n - a potion of flight {unknown}
 q - a potion of might {unknown}
 r - a potion of berserk rage {unknown}
 t - 4 potions of attraction {unknown}
 u - a potion of lignification {unknown}
 w - a potion of heal wounds {unknown}


   Skills:
 - Level 2.1 Fighting
 * Level 6.7 Short Blades
 + Level 4.3 Throwing
 - Level 1.2 Dodging
 + Level 7.2 Stealth


You had 6 spell levels left.
You didn't know any spells.
Your spell library was empty.

Dungeon Overview and Level Annotations

Branches:
Dungeon (4/15)
 Temple: D:4-7

Altars:
Ashenzari
Uskayaw

Annotations:
D:3 Grinder


Innate Abilities, Weirdness & Mutations

You are small and have problems with some larger weapons.
You are completely attuned to the shadows.


Message History

The wight is severely damaged.
The wight closely misses you.
You closely miss the wight.
The wight is severely damaged.
The wight barely misses you.
You hit the wight.
The wight is severely damaged.
You hit the wight but do no damage.
The wight is severely damaged.
The wight closely misses you.
You hit the wight but do no damage.
The wight is severely damaged.
The wight hits you with a +5 scimitar!
You barely miss the wight.
The wight is severely damaged.
You hit the wight but do no damage.
The wight is severely damaged.
The wight hits you with a +5 scimitar.
* * * LOW HITPOINT WARNING * * *
You feel drained.
You hit the wight.
The wight is almost destroyed.
The wight barely misses you.
You hit the wight but do no damage.
The wight is almost destroyed.
You hit the wight but do no damage.
The wight is almost destroyed.
The wight misses you.
You barely miss the wight.
The wight is almost destroyed.
You barely miss the wight.
The wight is almost destroyed.
The wight hits you with a +5 scimitar.
* * * LOW HITPOINT WARNING * * *
You feel drained.
* * * LOW HITPOINT WARNING * * *
You hit the wight but do no damage.
The wight is almost destroyed.
The wight hits you with a +5 scimitar!
You die...

#.)......+
#........#
#........#####
#............#
##########...#
#.#.##8...#
+#+#+#'#'####.##
..........'.[.#
#+#@#'#'######
#z#†#.# #######


You could see a wight.

Vanquished Creatures
  Sigmund (D:3)
  A necrophage (D:4)
  Natasha (thrice) (D:2)
  2 mummies (D:4)
  3 adders
  An adder zombie (D:4)
  A dart slug (D:2)
  4 endoplasms
  3 giant cockroaches
  2 goblins
  3 hobgoblins
  3 quokkas
  6 ball pythons
  16 bats
  2 frilled lizards (D:1)
  3 kobolds
  8 rats
62 creatures vanquished.

Notes
Turn   | Place    | Note
-------+----------+-------------------------------------------
     0 | D:1      | Drevant2 the Kobold Brigand began the quest for the Orb.
     0 | D:1      | Reached XP level 1. HP: 12/12 MP: 1/1
   208 | D:1      | Reached XP level 2. HP: 17/17 MP: 2/2
   657 | D:1      | Reached XP level 3. HP: 21/21 MP: 3/3
  1423 | D:2      | Reached XP level 4. HP: 26/26 MP: 4/4
  1461 | D:2      | Reached skill level 6 in Stealth
  1598 | D:2      | Noticed Natasha
  1602 | D:2      | Killed Natasha
  1624 | D:2      | Noticed Natasha
  1637 | D:2      | Killed Natasha
  1638 | D:2      | Reached XP level 5. HP: 16/30 MP: 5/5
  1931 | D:2      | Noticed Natasha
  1944 | D:2      | Killed Natasha
  1945 | D:2      | Reached skill level 5 in Short Blades
  2130 | D:3      | Found a hide-covered altar of Uskayaw.
  2158 | D:3      | Noticed Sigmund
  2163 | D:3      | Killed Sigmund
  2164 | D:3      | Reached skill level 7 in Stealth
  2164 | D:3      | Reached XP level 6. HP: 35/35 MP: 6/6
  2284 | D:3      | Found a broken altar of Ashenzari.
  2285 | D:3      | Saw a vision of the Shoals and the Spider Nest.
  2285 | D:3      | Noticed a merfolk aquamancer
  2285 | D:3      | Noticed a sea snake
  2285 | D:3      | Noticed a merfolk
  2285 | D:3      | Noticed a sea snake
  2285 | D:3      | Noticed a torpor snail
  2285 | D:3      | Noticed an entropy weaver
  2285 | D:3      | Noticed a tarantella
  2286 | D:3      | Noticed a jorogumo
  2287 | D:3      | Noticed a manticore
  2288 | D:3      | Noticed a harpy
  2288 | D:3      | Noticed a redback
  2289 | D:3      | Noticed a wolf spider
  2290 | D:3      | Noticed a sea snake
  2290 | D:3      | Noticed a pharaoh ant
  2290 | D:3      | Noticed a merfolk javelineer
  2290 | D:3      | Noticed a jorogumo
  2292 | D:3      | Noticed a merfolk
  2374 | D:3      | Noticed Grinder
  2376 | D:3      | Paralysed by Grinder for 3 turns
  2717 | D:3      | Noticed a boulder beetle
  2718 | D:3      | Became a worshipper of Ashenzari the Shackled
  2846 | D:4      | Reached XP level 7. HP: 20/38 MP: 7/7
  2947 | D:4      | Slain by a wight

Illustrated notes

Levels and vault maps discovered:
D:1:      denvon_arrival_hothouse, layout_loops_corners, st_stairs_2
D:2:      layout_loops_ring, uniq_natasha
D:3:      layout_basic, grunt_ashenzari_visionary
          [grunt_ashenzari_visionary_shoals, grunt_ashenzari_visionary_spider],
          eat_drink_and_be_merry_uskayaw, minmay_misc_feat_encased,
          uniq_grinder, uniq_sigmund
D:4:      layout_basic, lemuel_mausoleum_altar_yredelemnul

Skill      XL: |  1  2  3  4  5 |
---------------+----------------+-----
Short Blades   | 3 4 6 |  6.7
Throwing       | 3 4 |  4.3
Stealth        | 6 7 |  7.2
Fighting       | |  2.1
Dodging        | |  1.2

Action                     |  1- 3 |  4- 6 |  7- 9 || total
---------------------------+-------+-------+-------++-------
  Melee: Dagger            |    76 |    64 |    25 ||   165
         Punch             |       |     4 |       ||     4
  Throw: Dart              |       |     9 |       ||     9
    Use: Scroll            |       |     4 |       ||     4
   Stab: Sleeping          |    22 |    15 |     1 ||    38
         Distracted        |     1 |       |       ||     1
 Armour: Robe              |    10 |     8 |     2 ||    20
  Dodge: Dodged            |    41 |    25 |    10 ||    76

Table legend: (Time is in decaauts)
 A = Elapsed time spent in this place.
 B = Non-inter-level travel time spent in this place.
 C = Inter-level travel time spent in this place.
 D = Time resting spent in this place.
 E = Time spent auto-exploring this place.
 F = Levels seen in this place.
 G = Mean time per level.
                   A        B        C        D        E       F      G
               +--------+--------+--------+--------+--------+-----+--------+
         Total |   2903 |   2456 |    447 |    278 |   1631 |   4 |  725.8 |
       Dungeon |   2903 |   2456 |    447 |    278 |   1631 |   4 |  725.8 |
               +--------+--------+--------+--------+--------+-----+--------+

Top non-repeatable levels by time:
     D:1: 1099 daAuts
     D:2: 919 daAuts
     D:3: 737 daAuts
     D:4: 146 daAuts
